AoeStats
← chenya_ko

Arabia

507962212Analyzed
1v1 RM · 13d ago on Sep 20, 2026· 49m 33s· 2 players
Game mode
Random Map
Map size
Tiny (2 player)
Population
200
Speed
Normal
Resources
Standard
Victory
Conquest
Starting age
Dark Age
Ending age
Imperial Age
RankedLock teamsTeams togetherTeam positionsShared explorationLock speedFull tech treeHidden civsTurbo modeCheats
Victory
Defeat
🇹🇼 Japanese · Taiwan
1025
+17
🇹🇷 Persians · Türkiye
1044
-17
chenya_ko
2:07 Loom
9:53 Feudal Age
10:27 Man-at-Arms
14:01 Fletching
16:24 Double-Bit Axe
18:04 Wheelbarrow
21:16 Scale Mail Armor
24:06 Castle Age
23:20 Gold Mining
23:44 Forging
23:35 Padded Archer Armor
23:19 Horse Collar
23:47 Arson
24:10 Long Swordsman
24:35 Gambesons
24:30 Elite Skirmisher
25:19 Squires
26:17 Chain Mail Armor
26:19 Bow Saw
26:48 Bodkin Arrow
28:40 Pikeman
30:23 Hand Cart
30:16 Town Watch
30:29 Stone Mining
33:18 Iron Casting
37:02 Gold Shaft Mining
42:52 Imperial Age
42:01 Ballistics
42:34 Leather Archer Armor
42:36 Masonry
43:02 Two-Handed Swordsman
44:49 Blast Furnace
44:20 Plate Mail Armor
46:47 Chemistry
46:32 Conscription
46:18 Champion
47:21 Bracer
galsberg
4:45 Loom
11:19 Feudal Age
22:53 Castle Age
21:50 Bloodlines
24:35 Forging
24:36 Scale Barding Armor
25:47 Gold Mining
26:19 Horse Collar
30:37 Wheelbarrow
30:06 Double-Bit Axe
40:55 Kamandaran
41:15 Crossbowman
46:03 Imperial Age
44:24 Thumb Ring
46:04 Bow Saw
45:59 Fletching
46:10 Padded Archer Armor
46:42 Ballistics
47:00 Bodkin Arrow
47:25 Chain Barding Armor
50:21 Leather Archer Armor
Connection lost

Rejoining the realm…

Still unreachable

The connection could not be restored.

Session expired

The server has moved on; the page needs a fresh start.